MLB
COLORADO ROCKIES @ ARIZONA DIAMONDBACKS
05/04/2042
 
TOP OF THE 1ST
Colorado Rockies batting - Pitching for Arizona Diamondbacks : RHP William Birkeland
Pitching: RHP William Birkeland
Batting: RHB Jorge Esquivel 0-0: Ball
1-0: Called Strike
1-1: Ball
2-1: Foul Ball, location: 9LMF
2-2: Ball
3-2: Strikes out swinging
Batting: LHB Dan Pérez 0-0: Called Strike
0-1: Ball
1-1: Ball
2-1: Ground out 6-3 (Groundball, 6MD, EV 94.4 MPH)
Batting: LHB Mario Mendoza 0-0: SOLO HOME RUN (Flyball, 89XD, EV 98.1 MPH), Distance : 405 ft
Batting: RHB Joe Thompson 0-0: Swinging Strike
0-1: Ball
1-1: Ground out 5-3 (Groundball, 15, EV 84.4 MPH)
Top of the 1st over - 1 run, 1 hit, 0 errors, 0 left on base; Colorado 1 - Arizona 0
BOTTOM OF THE 1ST
Arizona Diamondbacks batting - Pitching for Colorado Rockies : LHP Wally Ellis
Pitching: LHP Wally Ellis
Batting: RHB Lou Jones 0-0: Foul Ball, location: 2F
0-1: Swinging Strike
0-2: Foul Ball, location: 5SF
0-2: Strikes out swinging
Batting: RHB Eddie Fields 0-0: Called Strike
0-1: Ground out 6-3 (Groundball, 6, EV 102.5 MPH)
Batting: SHB Joe Harris 0-0: Foul Ball, location: 2F
0-1: DOUBLE (Line Drive, 9LM, EV 88.8 MPH)
Batting: RHB Jim Williams 0-0: Ball
1-0: Foul Ball, location: 2F
1-1: Ball
2-1: Ball
3-1: Ground out 3-1 (Groundball, 34S, EV 83.8 MPH)
Bottom of the 1st over - 0 runs, 1 hit, 0 errors, 1 left on base; Colorado 1 - Arizona 0
TOP OF THE 2ND
Colorado Rockies batting - Pitching for Arizona Diamondbacks : RHP William Birkeland
Batting: RHB Derek Hallyard 0-0: Called Strike
0-1: Fly out, F9 (Flyball, 9S, EV 93.1 MPH)
Batting: RHB Steve O'Brien 0-0: Foul Ball, location: 9LMF
0-1: SINGLE (Groundball, 6D, EV 96.9 MPH)
Batting: LHB Álex Cepeda 0-0: Called Strike
0-1: Foul Ball, location: 2F
0-2: Reached on error, E4 (Groundball, 4, EV 107.5 MPH)
Steve O'Brien to second
Batting: RHB Bob Jacobs 0-0: Foul Ball, location: 25F
0-1: Ball
1-1: Ball
2-1: Foul Ball, location: 5FF
2-2: Ball
3-2: Base on Balls
Steve O'Brien to third
Álex Cepeda to second
Batting: RHB Alec Kimpton 0-0: Ball
1-0: Foul Ball, location: 9LDF
1-1: Ball
2-1: DOUBLE (Groundball, 3L, EV 94.4 MPH)
Steve O'Brien scores
Álex Cepeda scores
Bob Jacobs to third
Runner from 3rd tries for Home, SAFE, throw by RF to trailing runner, SAFE at third!
Batting: RHB Jorge Esquivel 0-0: SINGLE (Groundball, 13S, EV 67.5 MPH) (infield hit)
Batting: LHB Dan Pérez 0-0: Swinging Strike
0-1: Called Strike
0-2: Ball
1-2: Grounds into double play, 5-4-3 (Groundball, 56, EV 86.9 MPH)
Top of the 2nd over - 3 runs, 3 hits, 1 error, 1 left on base; Colorado 4 - Arizona 0
BOTTOM OF THE 2ND
Arizona Diamondbacks batting - Pitching for Colorado Rockies : LHP Wally Ellis
Batting: LHB Sancho Morán 0-0: Foul Ball, location: 25FF
0-1: Ball
1-1: Fly out, F8 (Flyball, 8RD, EV 97.5 MPH)
Batting: RHB Orlando Gómes 0-0: Ball
1-0: Ball
2-0: Ball
3-0: Foul Ball, location: 2F
3-1: Base on Balls
Batting: RHB Teklu Malawa 0-0: Ball
1-0: Grounds into double play, 5-4-3 (Groundball, 56S, EV 91.9 MPH)
Bottom of the 2nd over - 0 runs, 0 hits, 0 errors, 0 left on base; Colorado 4 - Arizona 0
TOP OF THE 3RD
Colorado Rockies batting - Pitching for Arizona Diamondbacks : RHP William Birkeland
Batting: LHB Mario Mendoza 0-0: Ball
1-0: Swinging Strike
1-1: Called Strike
1-2: Ball
2-2: Strikes out swinging
Batting: RHB Joe Thompson 0-0: Called Strike
0-1: Ball
1-1: Ball
2-1: Fly out, F9 (Flyball, 9S, EV 93.8 MPH)
Batting: RHB Derek Hallyard 0-0: Ball
1-0: Fly out, F5 (Line Drive, 5, EV 72.5 MPH)
Top of the 3rd over - 0 runs, 0 hits, 0 errors, 0 left on base; Colorado 4 - Arizona 0
BOTTOM OF THE 3RD
Arizona Diamondbacks batting - Pitching for Colorado Rockies : LHP Wally Ellis
Batting: LHB Tommy Rose 0-0: Ball
1-0: Ball
2-0: Fly out, F8 (Line Drive, 8LD, EV 109.4 MPH)
Batting: RHB Augusto Suárez 0-0: Called Strike
0-1: Ground out U3 (Groundball, 34, EV 64.4 MPH)
Batting: RHB Lou Jones 0-0: Foul Ball, location: 7LMF
0-1: Foul Ball, location: 7LMF
0-2: Foul Ball, location: 23F
0-2: Foul Ball, location: 2F
0-2: Ball
1-2: Ball
2-2: Foul Ball, location: 2F
2-2: Foul Ball, location: 9LSF
2-2: Foul Ball, location: 23F
2-2: SINGLE (Line Drive, 89S, EV 105.0 MPH)
Batting: RHB Eddie Fields 0-0: Ball
1-0: Ball
2-0: Ball
3-0: Swinging Strike
3-1: Called Strike
3-2: Strikes out looking
Bottom of the 3rd over - 0 runs, 1 hit, 0 errors, 1 left on base; Colorado 4 - Arizona 0
TOP OF THE 4TH
Colorado Rockies batting - Pitching for Arizona Diamondbacks : RHP William Birkeland
Batting: RHB Steve O'Brien 0-0: Swinging Strike
0-1: Foul Ball, location: 23F
0-2: Ball
1-2: Foul Ball, location: 5F
1-2: DOUBLE (Line Drive, 7LS, EV 101.3 MPH)
Batting: LHB Álex Cepeda 0-0: Ball
1-0: Ball
2-0: Called Strike
2-1: Called Strike
2-2: Ball
3-2: 2-RUN HOME RUN (Flyball, 89XD, EV 100.0 MPH), Distance : 421 ft
Pitching: RHP António Alonzo
Batting: RHB Bob Jacobs 0-0: Ball
1-0: Ball
2-0: Foul Ball, location: 2F
2-1: Called Strike
2-2: Ball
3-2: Strikes out looking
Batting: RHB Alec Kimpton 0-0: Ball
1-0: Swinging Strike
1-1: Swinging Strike
1-2: Ball
2-2: Foul Ball, location: 2F
2-2: Strikes out swinging
Batting: RHB Jorge Esquivel 0-0: Fly out, F9 (Flyball, 9, EV 91.9 MPH)
Top of the 4th over - 2 runs, 2 hits, 0 errors, 0 left on base; Colorado 6 - Arizona 0
BOTTOM OF THE 4TH
Arizona Diamondbacks batting - Pitching for Colorado Rockies : LHP Wally Ellis
Batting: SHB Joe Harris 0-0: Ball
1-0: Ground out 6-3 (Groundball, 6, EV 89.4 MPH)
Batting: RHB Jim Williams 0-0: Foul Ball, location: 3SF
0-1: Ball
1-1: Called Strike
1-2: Strikes out swinging
Batting: LHB Sancho Morán 0-0: Called Strike
0-1: Foul Ball, location: 2F
0-2: Strikes out swinging
Bottom of the 4th over - 0 runs, 0 hits, 0 errors, 0 left on base; Colorado 6 - Arizona 0
TOP OF THE 5TH
Colorado Rockies batting - Pitching for Arizona Diamondbacks : RHP António Alonzo
Batting: LHB Dan Pérez 0-0: Swinging Strike
0-1: Swinging Strike
0-2: Strikes out swinging
Batting: LHB Mario Mendoza 0-0: Foul Ball, location: 9LDF
0-1: Ball
1-1: Ball
2-1: Ball
3-1: Foul Ball, location: 2F
3-2: Strikes out swinging
Batting: RHB Joe Thompson 0-0: Ball
1-0: SINGLE (Line Drive, 9S, EV 89.4 MPH)
Batting: RHB Derek Hallyard 0-0: Foul Ball, location: 3F
0-1: Ball
1-1: Foul Ball, location: 2F
1-2: Foul Ball, location: 3F
1-2: Foul Ball, location: 9LSF
1-2: Ball
2-2: Ground out 4-3 (Groundball, 34, EV 87.5 MPH)
Top of the 5th over - 0 runs, 1 hit, 0 errors, 1 left on base; Colorado 6 - Arizona 0
BOTTOM OF THE 5TH
Arizona Diamondbacks batting - Pitching for Colorado Rockies : LHP Wally Ellis
Batting: RHB Orlando Gómes 0-0: Fly out, F8 (Flyball, 8LM, EV 88.8 MPH)
Batting: RHB Teklu Malawa 0-0: Ball
1-0: Ball
2-0: Ball
3-0: Base on Balls
Batting: LHB Tommy Rose 0-0: Ball
1-0: Called Strike
1-1: Swinging Strike
1-2: Grounds into double play, 4-6-3 (Groundball, 34S, EV 86.9 MPH)
Bottom of the 5th over - 0 runs, 0 hits, 0 errors, 0 left on base; Colorado 6 - Arizona 0
TOP OF THE 6TH
Colorado Rockies batting - Pitching for Arizona Diamondbacks : RHP António Alonzo
Batting: RHB Steve O'Brien 0-0: Called Strike
0-1: Foul Ball, location: 2F
0-2: Strikes out swinging
Batting: LHB Álex Cepeda 0-0: Ball
1-0: Ball
2-0: Foul Ball, location: 2F
2-1: Ball
3-1: Base on Balls
Batting: RHB Bob Jacobs 0-0: Ball
1-0: DOUBLE (Line Drive, 8LXD, EV 110.6 MPH)
Álex Cepeda to third
Batting: RHB Alec Kimpton 0-0: Ball
1-0: Foul Ball, location: 25F
1-1: Ball
2-1: Ground out 4-3 (Groundball, 4, EV 85.0 MPH)
Álex Cepeda scores
Bob Jacobs to third
Batting: RHB Jorge Esquivel 0-0: Ball
1-0: Swinging Strike
1-1: Swinging Strike
1-2: Ball
2-2: Ground out 6-3 (Groundball, 6, EV 86.3 MPH)
Top of the 6th over - 1 run, 1 hit, 0 errors, 1 left on base; Colorado 7 - Arizona 0
BOTTOM OF THE 6TH
Arizona Diamondbacks batting - Pitching for Colorado Rockies : LHP Wally Ellis
Batting: RHB Augusto Suárez 0-0: DOUBLE (Flyball, 78XD, EV 98.8 MPH)
Batting: RHB Lou Jones 0-0: Foul Ball, location: 9LMF
0-1: Called Strike
0-2: Fly out, F3 (Popup, 3F, EV 76.3 MPH)
Batting: RHB Eddie Fields 0-0: Called Strike
0-1: Foul Ball, location: 7LSFF
0-2: Ball
1-2: Ball
2-2: Ball
3-2: Foul Ball, location: 9LMFF
3-2: Ground out 5-3 (Groundball, 56, EV 104.4 MPH)
Batting: SHB Joe Harris 0-0: SINGLE (Groundball, 4M, EV 108.1 MPH) (infield hit)
Augusto Suárez to third
Batting: RHB Jim Williams 0-0: Fly out, F9 (Flyball, 89M, EV 82.5 MPH)
Bottom of the 6th over - 0 runs, 2 hits, 0 errors, 2 left on base; Colorado 7 - Arizona 0
TOP OF THE 7TH
Colorado Rockies batting - Pitching for Arizona Diamondbacks : RHP António Alonzo
Pitching: LHP Ronnie Lee
Batting: LHB Dan Pérez 0-0: Ball
1-0: Ball
2-0: Ball
3-0: Called Strike
3-1: Called Strike
3-2: Ground out 6-3 (Groundball, 6S, EV 68.8 MPH)
Batting: LHB Mario Mendoza 0-0: SINGLE (Groundball, 4MD, EV 103.8 MPH)
Batting: RHB Joe Thompson 0-0: Called Strike
Mario Mendoza is caught stealing 2nd base 2-4
0-1: Ball
1-1: Fly out, F8 (Flyball, 8LXD, EV 104.4 MPH)
Top of the 7th over - 0 runs, 1 hit, 0 errors, 0 left on base; Colorado 7 - Arizona 0
BOTTOM OF THE 7TH
Arizona Diamondbacks batting - Pitching for Colorado Rockies : LHP Wally Ellis
Pinch Hitting: LHB Esteban Ayala 0-0: Ball
1-0: Called Strike
1-1: Foul Ball, location: 7LSF
1-2: Ground out 5-3 (Groundball, 56, EV 98.8 MPH)
Batting: RHB Orlando Gómes 0-0: Called Strike
0-1: Ball
1-1: Fly out, F8 (Line Drive, 8LD, EV 90.6 MPH)
Batting: RHB Teklu Malawa 0-0: Swinging Strike
0-1: Ball
1-1: Ball
2-1: Called Strike
2-2: Foul Ball, location: 3FF
2-2: Fly out, F3 (Line Drive, 3L, EV 68.8 MPH)
Bottom of the 7th over - 0 runs, 0 hits, 0 errors, 0 left on base; Colorado 7 - Arizona 0
TOP OF THE 8TH
Colorado Rockies batting - Pitching for Arizona Diamondbacks : LHP Ronnie Lee
Pitching: LHP Johnny Green
Now at 1B: Joe Brown
Batting: RHB Derek Hallyard 0-0: Ball
1-0: Called Strike
1-1: Ball
2-1: Called Strike
2-2: Ball
3-2: Strikes out looking
Batting: RHB Steve O'Brien 0-0: Foul Ball, location: 2F
0-1: Ball
1-1: Ground out 5-3 (Groundball, 56, EV 81.3 MPH)
Batting: LHB Álex Cepeda 0-0: Ball
1-0: Fly out, F5 (Popup, 56S, EV 77.5 MPH)
Top of the 8th over - 0 runs, 0 hits, 0 errors, 0 left on base; Colorado 7 - Arizona 0
BOTTOM OF THE 8TH
Arizona Diamondbacks batting - Pitching for Colorado Rockies : LHP Wally Ellis
Batting: LHB Tommy Rose 0-0: Called Strike
0-1: Ball
1-1: Swinging Strike
1-2: Ball
2-2: Strikes out swinging
Batting: RHB Augusto Suárez 0-0: Ball
1-0: Swinging Strike
1-1: SOLO HOME RUN (Flyball, 9LD, EV 96.9 MPH), Distance : 357 ft
Batting: RHB Lou Jones 0-0: Foul Ball, location: 2F
0-1: Swinging Strike
0-2: Foul Ball, location: 2F
0-2: Strikes out looking
Batting: RHB Eddie Fields 0-0: Ball
1-0: Called Strike
1-1: Fly out, F9 (Line Drive, 9, EV 105.0 MPH)
Bottom of the 8th over - 1 run, 1 hit, 0 errors, 0 left on base; Colorado 7 - Arizona 1
TOP OF THE 9TH
Colorado Rockies batting - Pitching for Arizona Diamondbacks : LHP Johnny Green
Batting: RHB Bob Jacobs 0-0: Ball
1-0: Ground out 6-3 (Groundball, 6, EV 81.3 MPH)
Batting: RHB Alec Kimpton 0-0: Swinging Strike
0-1: Swinging Strike
0-2: Ball
1-2: SINGLE (Groundball, 15S, EV 68.8 MPH) (infield hit)
Batting: RHB Jorge Esquivel 0-0: Swinging Strike
0-1: Ball
1-1: Ball
2-1: Foul Ball, location: 2F
2-2: DOUBLE (Line Drive, 9LS, EV 107.5 MPH)
Alec Kimpton to third
Batting: LHB Dan Pérez 0-0: Ball
1-0: Ground out 6-3 (Groundball, 6D, EV 81.3 MPH)
Alec Kimpton scores
Batting: LHB Mario Mendoza 0-0: Ball
1-0: Foul Ball, location: 7LDF
1-1: SINGLE (Groundball, 6S, EV 64.4 MPH) (infield hit)
Jorge Esquivel to third
Batting: RHB Joe Thompson 0-0: Ball
1-0: Ball
2-0: Ball
3-0: Base on Balls
Mario Mendoza to second
Batting: RHB Derek Hallyard 0-0: Foul Ball, location: 3SF
0-1: Swinging Strike
0-2: Ball
1-2: Ball
2-2: Fly out, F8 (Flyball, 78M, EV 90.0 MPH)
Top of the 9th over - 1 run, 3 hits, 0 errors, 3 left on base; Colorado 8 - Arizona 1
BOTTOM OF THE 9TH
Arizona Diamondbacks batting - Pitching for Colorado Rockies : LHP Wally Ellis
Batting: SHB Joe Harris 0-0: Ball
1-0: Ball
2-0: Swinging Strike
2-1: Ball
3-1: Called Strike
3-2: Strikes out looking
Batting: RHB Jim Williams 0-0: Called Strike
0-1: Ball
1-1: Ground out 5-3 (Groundball, 56, EV 98.8 MPH)
Batting: RHB Joe Brown 0-0: SOLO HOME RUN (Flyball, 7LD, EV 95.0 MPH), Distance : 378 ft
Batting: RHB Orlando Gómes 0-0: Foul Ball, location: 2F
0-1: DOUBLE (Line Drive, 3D, EV 95.6 MPH)
Pitching: RHP Héctor Deleón
Batting: RHB Teklu Malawa 0-0: SINGLE (Groundball, 6MD, EV 108.1 MPH)
Orlando Gómes to third
Batting: LHB Tommy Rose 0-0: Called Strike
0-1: Foul Ball, location: 7LDF
0-2: Strikes out looking
Bottom of the 9th over - 1 run, 3 hits, 0 errors, 2 left on base; Colorado 8 - Arizona 2
Wednesday, April 24th , 2024 - OOTP Baseball 24.10 Build 82